Monsters vs Condors
Created - May 4, 2021 at 20:20
Goals
|
| Monsters |
1 |
2 |
4 |
7 |
| Condors |
1 |
0 |
0 |
1 |
|
Shots
|
| Monsters |
13 |
12 |
14 |
39 |
| Condors |
13 |
13 |
7 |
33 |
|
1st period
1. Condors , Louis Leblanc 7 (Carl Gunnarsson 46, C.J Suess 14) at 8:25
2. Monsters , Matt Calvert 32 (Roman Josi 27, Andrew Gordon 52) at 18:51
Penalties :
Ryan Fitzgerald (Cle) for Holding Stick (Minor) at 2:27, Kasperi Kapanen (Bak) for Hooking (Minor) at 10:05, Beau Starrett (Cle) for Holding Stick (Minor) at 12:30
2nd period
3. Monsters , Mitch Marner 13 (Emerson Etem 46) at 2:54
4. Monsters , Dominik Simon 22 (Timothy Kunes 21, Emerson Etem 47) at 6:47 (PP)
Penalties :
Erik Cernak (Bak) for Slashing (Double Minor) at 6:38, Chris Bigras (Bak) for Hooking (Minor) at 9:42
3rd period
5. Monsters , Mitch Marner 14 (Emerson Etem 48, Dominik Simon 39) at 0:04
6. Monsters , Ryan Fitzgerald 8 (Timothy Kunes 22) at 6:08
7. Monsters , Andrew Gordon 33 (Matt Calvert 27, Aaron Ness 24) at 7:08
8. Monsters , Mitch Marner 15 (Dominik Simon 40) at 7:16
Penalties :
Brett Lernout (Bak) for Goalie Interference (Minor) at 8:11, Aaron Ness (Cle) for Hooking (Minor) at 17:50
Goalie Stats
Thomas Greiss (Cle), 32 saves from 33 shots - (0.970), W, 23-20-1, 60:00 minutes
Ilya Samsonov (Bak), 25 saves from 32 shots - (0.781), L, 18-16-3, 47:16 minutes
Mark Visentin (Bak), 7 saves from 7 shots - (1.000), 12:44 minutes
Players Stats for Monsters
Player Name G A P +/- PIM S H SB GA TA FO MP PP MP PK MP
------------------------------------------------------------------------------------
Aaron Ness 0 1 1 1 2 0 0 0 0 0 0/0 12:45 0:42 0:00
Andrew Gordon 1 1 2 2 0 3 4 0 2 0 2/2 20:54 4:08 3:09
Austin Watson 0 0 0 -1 0 2 0 0 0 0 0/0 8:31 0:00 0:50
Beau Starrett 0 0 0 0 2 0 0 0 0 0 0/0 1:13 0:13 0:00
Bobby Farnham 0 0 0 -1 0 1 1 0 0 0 0/0 8:28 0:00 0:47
Cameron Hughes 0 0 0 0 0 0 0 0 0 0 0/0 0:31 0:05 0:00
David Kolomatis 0 0 0 0 0 1 0 2 0 0 0/0 11:48 0:16 1:04
Dominik Simon 1 2 3 3 0 6 3 1 0 0 21/32 20:00 4:16 0:21
Emerson Etem 0 3 3 3 0 5 0 0 2 1 3/6 22:55 4:16 3:15
Jared Knight 0 0 0 2 0 1 2 0 0 2 7/17 17:24 3:44 0:09
Justin Florek 0 0 0 1 0 5 3 0 0 0 0/1 10:48 0:00 1:52
Matt Calvert 1 1 2 2 0 1 0 0 2 0 0/1 19:11 3:44 1:52
Maxim Mamin 0 0 0 -1 0 0 0 0 0 0 2/6 7:41 0:00 0:00
Mitch Marner 3 0 3 3 0 5 0 1 1 1 2/2 16:15 0:05 0:21
Morgan Rielly 0 0 0 -1 0 1 1 1 0 0 0/0 15:43 2:28 1:36
Ondrej Kase 0 0 0 1 0 1 1 0 0 0 0/1 12:10 3:44 0:00
Roman Josi 0 1 1 5 0 2 2 3 0 1 0/0 28:43 4:39 2:56
Ryan Fitzgerald 1 0 1 1 2 2 2 0 1 0 4/5 8:52 0:00 0:00
Shea Theodore 0 0 0 0 0 0 1 0 0 1 0/0 21:25 3:26 2:40
Timothy Kunes 0 2 2 5 0 3 2 2 2 3 0/0 28:43 4:39 2:56
Players Stats for Condors
Player Name G A P +/- PIM S H SB GA TA FO MP PP MP PK MP
------------------------------------------------------------------------------------
Adam Erne 0 0 0 0 0 0 1 0 0 0 0/0 6:14 0:01 0:00
Alex Tuch 0 0 0 -3 0 0 0 0 2 1 1/2 18:19 3:15 0:00
Anton Slepyshev 0 0 0 -1 0 6 2 0 0 0 1/1 16:39 2:41 0:00
Brett Lernout 0 0 0 -1 2 0 0 3 1 1 0/0 13:53 0:00 3:45
C.J Suess 0 1 1 0 0 0 0 0 0 0 0/0 6:03 0:00 0:00
Caleb Jones 0 0 0 0 0 0 0 0 0 0 0/0 3:50 0:00 0:00
Carl Gunnarsson 0 1 1 -1 0 2 3 1 1 0 0/0 24:12 2:55 3:01
Chris Bigras 0 0 0 -3 2 0 1 0 0 0 0/0 16:53 3:02 0:00
Christian Thomas 0 0 0 -1 0 0 1 0 0 1 0/0 11:47 0:01 1:11
Daniel Zaar 0 0 0 -1 0 4 0 0 0 1 0/1 11:41 0:00 2:07
Eric Gustafsson 0 0 0 -1 0 1 1 1 0 0 0/0 26:54 3:02 5:04
Erik Cernak 0 0 0 -1 4 0 1 1 0 0 0/0 9:23 0:00 0:13
Frederik Gauthier 0 0 0 -1 0 0 1 0 0 1 12/24 21:37 3:15 4:15
Gustav Olofsson 0 0 0 0 0 0 0 0 0 0 0/0 5:10 0:00 1:06
Kasperi Kapanen 0 0 0 -1 2 6 2 0 1 2 1/2 17:04 2:41 0:00
Louis Leblanc 1 0 1 0 0 4 1 0 0 0 2/3 9:58 0:01 2:31
Nail Yakupov 0 0 0 -3 0 2 1 0 2 0 2/2 22:30 3:15 4:10
Stephane Da Costa 0 0 0 -1 0 3 1 0 0 0 3/7 9:34 0:00 0:00
Tyler Bozak 0 0 0 -3 0 5 1 2 2 1 10/31 19:40 2:41 1:56
Zac Leslie 0 0 0 -3 0 0 0 0 0 2 0/0 20:30 2:55 3:01
3 Stars
1 - Mitch Marner (Cle)
2 - Dominik Simon (Cle)
3 - Timothy Kunes (Cle)
Power Play
Monsters - 1 on 5 Attempt(s) - 20.00%
Condors - 0 on 3 Attempt(s) - 0.00%
Penalty Kill
Monsters - 3 on 3 Attempt(s) - 100.00%
- Score 0 goal in Penalty Kill
Condors - 4 on 5 Attempt(s) - 80.00%
- Score 0 goal in Penalty Kill
Team Stat
Monsters - Hits : 22 - Faceoff Wins : 41 - Blocked Shots : 10 - Penalty Minutes : 6
Condors - Hits : 17 - Faceoff Wins : 32 - Blocked Shots : 8 - Penalty Minutes : 10
Official
Referees : Unknown
Linesman : Unknown
Game Notes
Morgan Rielly is injured at 4:20 of 3rd period (Bruised Right Leg)
Mitch Marner has scored a Hat Trick!
Mark Visentin enters game at 7:16 of 3rd period
Finance
Level 1 -- Attendance: 1360 (68.00%) -- Ticket Income $54,400
Level 2 -- Attendance: 656 (65.60%) -- Ticket Income $13,120
Total Attendance: 2016 (67.20%)
Total Ticket Income: $67,520
Other Income: $3,376
Total Income: $70,896
Monsters
5 vs 5 Forward
Center Left Wing Right Wing Time % Phy DF OF
1 Dominik Simon Emerson Etem Mitch Marner 40 1 2 2
2 Jared Knight Matt Calvert Andrew Gordon 30 1 2 2
3 Ryan Fitzgerald Justin Florek Ondrej Kase 20 1 2 2
4 Maxim Mamin Austin Watson Bobby Farnham 10 1 2 2
5 vs 5 Defense
Defense Defense Time % Phy DF OF
1 Roman Josi Timothy Kunes 40 1 2 2
2 Morgan Rielly Shea Theodore 30 1 2 2
3 Aaron Ness David Kolomatis 20 1 2 2
4 Roman Josi Timothy Kunes 10 1 2 2
PowerPlay Forward
Center Left Wing Right Wing Time % Phy DF OF
1 Dominik Simon Emerson Etem Andrew Gordon 60 1 2 2
2 Jared Knight Matt Calvert Ondrej Kase 40 1 2 2
PowerPlay Defense
Defense Defense Time % Phy DF OF
1 Roman Josi Timothy Kunes 60 1 2 2
2 Morgan Rielly Shea Theodore 40 1 2 2
Penalty Kill 4 Players Forward
Center Wing Time % Phy DF OF
1 Emerson Etem Andrew Gordon 60 1 2 2
2 Matt Calvert Justin Florek 40 1 2 2
Penalty Kill 4 Players Defense
Defense Defense Time % Phy DF OF
1 Roman Josi Timothy Kunes 60 1 2 2
2 Morgan Rielly Shea Theodore 40 1 2 2
Penalty Kill - 3 Players Forward
Forward Time % Phy DF OF
1 Emerson Etem 60 1 2 2
2 Andrew Gordon 40 1 2 2
Penalty Kill - 3 Players Defense
Defense Defense Time % Phy DF OF
1 Roman Josi Timothy Kunes 60 1 2 2
2 Morgan Rielly Shea Theodore 40 1 2 2
4 vs 4 Forward
Center Wing Time % Phy DF OF
1 Emerson Etem Andrew Gordon 60 1 2 2
2 Matt Calvert Justin Florek 40 1 2 2
4 vs 4 Defense
Defense Defense Time % Phy DF OF
1 Roman Josi Timothy Kunes 60 1 2 2
2 Morgan Rielly Shea Theodore 40 1 2 2
Last Minutes Offensive
Center Left Wing Right Wing Defense Defense
Dominik Simon Emerson Etem Andrew Gordon Roman Josi Timothy Kunes
Last Minutes Defensive
Center Left Wing Right Wing Defense Defense
Dominik Simon Emerson Etem Andrew Gordon Roman Josi Timothy Kunes
Goaltenders
Starting : Thomas Greiss
Backup : Eric Comrie
Extra Forwards
Normal : Beau Starrett, Cameron Hughes, Bobby Farnham - PP : Beau Starrett, Cameron Hughes - PK : Bobby Farnham
Extra Defensemen
Normal : Aaron Ness, David Kolomatis, Morgan Rielly - PP : Aaron Ness - PK : David Kolomatis, Morgan Rielly
Penalty Shots
Emerson Etem, Andrew Gordon, Matt Calvert, Justin Florek, Dominik Simon
Scratches
Joakim Nordstrom (Healthy), Matt Grzelcyk (Healthy), Dillon Heatherington (Healthy), Francis Perron (Healthy), Richard Nejezchleb (Healthy)
Phoenix Copley (Healthy)
Condors
5 vs 5 Forward
Center Left Wing Right Wing Time % Phy DF OF
1 Tyler Bozak Alex Tuch Nail Yakupov 40 1 2 2
2 Frederik Gauthier Anton Slepyshev Kasperi Kapanen 30 1 2 2
3 Stephane Da Costa Christian Thomas Daniel Zaar 20 1 2 2
4 Louis Leblanc C.J Suess Adam Erne 10 1 2 2
5 vs 5 Defense
Defense Defense Time % Phy DF OF
1 Carl Gunnarsson Eric Gustafsson 40 1 2 2
2 Zac Leslie Chris Bigras 30 1 2 2
3 Brett Lernout Erik Cernak 20 1 2 2
4 Gustav Olofsson Caleb Jones 10 1 2 2
PowerPlay Forward
Center Left Wing Right Wing Time % Phy DF OF
1 Frederik Gauthier Alex Tuch Nail Yakupov 60 1 2 2
2 Tyler Bozak Anton Slepyshev Kasperi Kapanen 40 1 2 2
PowerPlay Defense
Defense Defense Time % Phy DF OF
1 Carl Gunnarsson Zac Leslie 60 1 2 2
2 Chris Bigras Eric Gustafsson 40 1 2 2
Penalty Kill 4 Players Forward
Center Wing Time % Phy DF OF
1 Frederik Gauthier Nail Yakupov 60 1 2 2
2 Louis Leblanc Daniel Zaar 40 1 2 2
Penalty Kill 4 Players Defense
Defense Defense Time % Phy DF OF
1 Brett Lernout Eric Gustafsson 60 1 2 2
2 Carl Gunnarsson Zac Leslie 40 1 2 2
Penalty Kill - 3 Players Forward
Forward Time % Phy DF OF
1 Tyler Bozak 60 1 2 2
2 Nail Yakupov 40 1 2 2
Penalty Kill - 3 Players Defense
Defense Defense Time % Phy DF OF
1 Carl Gunnarsson Eric Gustafsson 60 1 2 2
2 Zac Leslie Erik Cernak 40 1 2 2
4 vs 4 Forward
Center Wing Time % Phy DF OF
1 Tyler Bozak Nail Yakupov 60 1 2 2
2 Louis Leblanc Anton Slepyshev 40 1 2 2
4 vs 4 Defense
Defense Defense Time % Phy DF OF
1 Carl Gunnarsson Eric Gustafsson 60 1 2 2
2 Zac Leslie Brett Lernout 40 1 2 2
Last Minutes Offensive
Center Left Wing Right Wing Defense Defense
Tyler Bozak Anton Slepyshev Nail Yakupov Carl Gunnarsson Eric Gustafsson
Last Minutes Defensive
Center Left Wing Right Wing Defense Defense
Tyler Bozak Anton Slepyshev Nail Yakupov Carl Gunnarsson Eric Gustafsson
Goaltenders
Starting : Ilya Samsonov
Backup : Mark Visentin
Extra Forwards
Normal : Louis Leblanc, Alex Tuch, Tyler Bozak - PP : Louis Leblanc, Alex Tuch - PK : Tyler Bozak
Extra Defensemen
Normal : Erik Cernak, Brett Lernout, Gustav Olofsson - PP : Erik Cernak - PK : Brett Lernout, Gustav Olofsson
Penalty Shots
Daniel Zaar, Louis Leblanc, Tyler Bozak, Alex Tuch, Anton Slepyshev
Scratches
Mark Jankowski (Healthy), Emil Djuse (Healthy), Nick Merkley (Healthy), Cole Cassels (Healthy), Jordan Subban (Healthy)
Jeremy Gregoire (Healthy), Connor Hurley (Healthy), Remi Elie (Healthy), Brett Ritchie (Healthy), Anders Bjork (Healthy)
Hunter Smith (Healthy), Jack Campbell (Healthy)
% Time on Ice - Monsters
Lines # - Real PCT - Wanted PCT - Time Play
Normal Forward
1 - 34% - 40% - 15:50
2 - 30% - 30% - 13:35
3 - 19% - 20% - 8:52
4 - 17% - 10% - 7:41
Normal Defense
1 - 42% - 40% - 19:25
2 - 34% - 30% - 15:29
3 - 20% - 20% - 9:21
4 - 4% - 10% - 1:43
PP Forward
1 - 54% - 60% - 4:21
2 - 46% - 40% - 3:44
PP Defense
1 - 58% - 60% - 4:39
2 - 42% - 40% - 3:26
PK Forward
1 - 69% - 60% - 4:05
2 - 31% - 40% - 1:52
PK Defense
1 - 49% - 60% - 2:56
2 - 51% - 40% - 3:01
PK3 Forward
1 - 0% - 60%
2 - 0% - 40%
PK3 Defense
1 - 0% - 60%
2 - 0% - 40%
44 Forward
1 - 0% - 60%
2 - 0% - 40%
44 Defense
1 - 0% - 60%
2 - 0% - 40%
Last Minute Offensive - 0:00
Last Minute Defensive - 0:00
Total
Forward - 60:00
Defense - 60:00
|
% Time on Ice - Condors
Lines # - Real PCT - Wanted PCT - Time Play
Normal Forward
1 - 36% - 40% - 16:23
2 - 30% - 30% - 13:58
3 - 21% - 20% - 9:34
4 - 13% - 10% - 6:03
Normal Defense
1 - 42% - 40% - 19:27
2 - 30% - 30% - 13:55
3 - 19% - 20% - 8:46
4 - 8% - 10% - 3:50
PP Forward
1 - 55% - 60% - 3:16
2 - 45% - 40% - 2:41
PP Defense
1 - 49% - 60% - 2:55
2 - 51% - 40% - 3:02
PK Forward
1 - 74% - 60% - 5:58
2 - 26% - 40% - 2:07
PK Defense
1 - 63% - 60% - 5:04
2 - 37% - 40% - 3:01
PK3 Forward
1 - 0% - 60%
2 - 0% - 40%
PK3 Defense
1 - 0% - 60%
2 - 0% - 40%
44 Forward
1 - 0% - 60%
2 - 0% - 40%
44 Defense
1 - 0% - 60%
2 - 0% - 40%
Last Minute Offensive - 0:00
Last Minute Defensive - 0:00
Total
Forward - 60:00
Defense - 60:00
|
Play-by-Play
1st period
0:01 of 1st period - Dominik Simon wins face-off versus Tyler Bozak in neutral zone.
0:08 of 1st period - Alex Tuch is hit by Timothy Kunes and loses puck.
0:47 of 1st period - Zac Leslie is hit by Ryan Fitzgerald and loses puck.
1:42 of 1st period - Snap shot by Tyler Bozak.
1:42 of 1st period - Stopped by Thomas Greiss without a rebound.
1:43 of 1st period - Frederik Gauthier wins face-off versus Jared Knight in Monsters zone.
1:52 of 1st period - Slapshot by Anton Slepyshev.
1:52 of 1st period - Stopped by Thomas Greiss with a rebound.
2:10 of 1st period - Wrist shot by Emerson Etem.
2:10 of 1st period - Stopped by Ilya Samsonov without a rebound.
2:11 of 1st period - Dominik Simon wins face-off versus Tyler Bozak in Condors zone.
2:12 of 1st period - Snap shot by Mitch Marner.
2:12 of 1st period - Shot Blocked by Tyler Bozak.
2:20 of 1st period - Snap shot by Tyler Bozak.
2:20 of 1st period - Stopped by Thomas Greiss with a rebound.
2:22 of 1st period - Wrist shot by Tyler Bozak.
2:22 of 1st period - Stopped by Thomas Greiss without a rebound.
2:23 of 1st period - Stephane Da Costa wins face-off versus Ryan Fitzgerald in Monsters zone.
2:27 of 1st period - Minor Penalty to Ryan Fitzgerald for Holding Stick.
2:28 of 1st period - Frederik Gauthier wins face-off versus Emerson Etem in Monsters zone.
2:38 of 1st period - Slapshot by Emerson Etem.
2:38 of 1st period - Stopped by Ilya Samsonov with a rebound.
3:07 of 1st period - Slapshot by Roman Josi.
3:07 of 1st period - Shot Blocked by Tyler Bozak.
3:38 of 1st period - Icing by Frederik Gauthier.
3:39 of 1st period - Frederik Gauthier wins face-off versus Matt Calvert in Condors zone.
4:06 of 1st period - Chris Bigras is hit by Roman Josi and loses puck.
4:27 of 1st period - Penalty to Ryan Fitzgerald is over, Ryan Fitzgerald is back on ice.
4:58 of 1st period - Wrist shot by Justin Florek.
4:58 of 1st period - Stopped by Ilya Samsonov without a rebound.
4:59 of 1st period - Louis Leblanc wins face-off versus Dominik Simon in Condors zone.
5:06 of 1st period - Snap shot by Emerson Etem.
5:06 of 1st period - Shot Misses the Net.
5:10 of 1st period - Wrist shot by Emerson Etem.
5:10 of 1st period - Stopped by Ilya Samsonov without a rebound.
5:11 of 1st period - Tyler Bozak wins face-off versus Jared Knight in Condors zone.
5:48 of 1st period - Snap shot by Kasperi Kapanen.
5:48 of 1st period - Stopped by Thomas Greiss with a rebound.
6:07 of 1st period - Off-side.
6:08 of 1st period - Nail Yakupov wins face-off versus Jared Knight in neutral zone.
6:24 of 1st period - Carl Gunnarsson is hit by Jared Knight and loses puck.
6:57 of 1st period - Chris Bigras is hit by Justin Florek and loses puck.
7:02 of 1st period - Slapshot by Ondrej Kase.
7:02 of 1st period - Shot Misses the Net.
7:04 of 1st period - Snap shot by Ondrej Kase.
7:04 of 1st period - Deflect By Justin Florek.
7:04 of 1st period - Stopped by Ilya Samsonov without a rebound.
7:05 of 1st period - Jared Knight wins face-off versus Tyler Bozak in Condors zone.
7:16 of 1st period - Snap shot by Andrew Gordon.
7:16 of 1st period - Shot Misses the Net.
7:30 of 1st period - Roman Josi is hit by Anton Slepyshev and loses puck.
7:45 of 1st period - Shea Theodore is hit by Kasperi Kapanen and loses puck.
8:23 of 1st period - Slapshot by Louis Leblanc.
8:23 of 1st period - Shot Misses the Net.
8:25 of 1st period - Wrist shot by Louis Leblanc.
8:25 of 1st period - Goal by Louis Leblanc - Monsters : 0 - Condors : 1.
8:26 of 1st period - Dominik Simon wins face-off versus Tyler Bozak in neutral zone.
8:55 of 1st period - Snap shot by Andrew Gordon.
8:55 of 1st period - Stopped by Ilya Samsonov with a rebound.
8:57 of 1st period - Slapshot by Roman Josi.
8:57 of 1st period - Stopped by Ilya Samsonov without a rebound.
8:58 of 1st period - Anton Slepyshev wins face-off versus Jared Knight in Condors zone.
9:10 of 1st period - Wrist shot by Kasperi Kapanen.
9:10 of 1st period - Stopped by Thomas Greiss without a rebound.
9:11 of 1st period - Tyler Bozak wins face-off versus Dominik Simon in Monsters zone.
9:12 of 1st period - Wrist shot by Nail Yakupov.
9:12 of 1st period - Shot Misses the Net.
9:27 of 1st period - Off-side.
9:28 of 1st period - Kasperi Kapanen wins face-off versus Jared Knight in neutral zone.
10:02 of 1st period - Snap shot by Timothy Kunes.
10:02 of 1st period - Stopped by Ilya Samsonov without a rebound.
10:03 of 1st period - Frederik Gauthier wins face-off versus Ondrej Kase in Condors zone.
10:05 of 1st period - Minor Penalty to Kasperi Kapanen for Hooking.
10:06 of 1st period - Andrew Gordon wins face-off versus Frederik Gauthier in Condors zone.
10:59 of 1st period - Tyler Bozak is hit by Dominik Simon and loses puck.
11:20 of 1st period - Timothy Kunes is hit by Louis Leblanc and loses puck.
12:05 of 1st period - Penalty to Kasperi Kapanen is over, Kasperi Kapanen is back on ice.
12:13 of 1st period - Backhand shot by Kasperi Kapanen.
12:13 of 1st period - Shot Blocked by Mitch Marner.
12:15 of 1st period - Slapshot by Carl Gunnarsson.
12:15 of 1st period - Shot Misses the Net.
12:17 of 1st period - Slapshot by Zac Leslie.
12:17 of 1st period - Shot Misses the Net.
12:21 of 1st period - Wrist shot by Kasperi Kapanen.
12:21 of 1st period - Stopped by Thomas Greiss with a rebound.
12:23 of 1st period - Slapshot by Louis Leblanc.
12:23 of 1st period - Stopped by Thomas Greiss with a rebound.
12:30 of 1st period - Minor Penalty to Beau Starrett for Holding Stick.
12:31 of 1st period - Alex Tuch wins face-off versus Emerson Etem in Monsters zone.
13:08 of 1st period - Wrist shot by Kasperi Kapanen.
13:08 of 1st period - Stopped by Thomas Greiss without a rebound.
13:09 of 1st period - Emerson Etem wins face-off versus Frederik Gauthier in Monsters zone.
13:20 of 1st period - Snap shot by Nail Yakupov.
13:20 of 1st period - Shot Misses the Net.
13:43 of 1st period - Snap shot by Justin Florek.
13:43 of 1st period - Stopped by Ilya Samsonov with a rebound.
14:30 of 1st period - Penalty to Beau Starrett is over, Beau Starrett is back on ice.
15:15 of 1st period - Austin Watson is hit by Erik Cernak and loses puck.
16:11 of 1st period - Icing by Eric Gustafsson.
16:12 of 1st period - Tyler Bozak wins face-off versus Jared Knight in Condors zone.
16:23 of 1st period - Slapshot by Carl Gunnarsson.
16:23 of 1st period - Stopped by Thomas Greiss without a rebound.
16:24 of 1st period - Frederik Gauthier wins face-off versus Dominik Simon in Monsters zone.
16:31 of 1st period - Snap shot by Anton Slepyshev.
16:31 of 1st period - Stopped by Thomas Greiss without a rebound.
16:32 of 1st period - Mitch Marner wins face-off versus Frederik Gauthier in Monsters zone.
17:01 of 1st period - Snap shot by Frederik Gauthier.
17:01 of 1st period - Shot Misses the Net.
17:03 of 1st period - Slapshot by Kasperi Kapanen.
17:03 of 1st period - Stopped by Thomas Greiss without a rebound.
17:04 of 1st period - Jared Knight wins face-off versus Tyler Bozak in Monsters zone.
17:29 of 1st period - Ondrej Kase is hit by Christian Thomas and loses puck.
17:35 of 1st period - Icing by Justin Florek.
17:36 of 1st period - Tyler Bozak wins face-off versus Justin Florek in Monsters zone.
18:11 of 1st period - Snap shot by Mitch Marner.
18:11 of 1st period - Stopped by Ilya Samsonov with a rebound.
18:13 of 1st period - Wrist shot by Emerson Etem.
18:13 of 1st period - Shot Blocked by Eric Gustafsson.
18:22 of 1st period - Off-side.
18:23 of 1st period - Jared Knight wins face-off versus Stephane Da Costa in neutral zone.
18:25 of 1st period - Off-side.
18:26 of 1st period - Jared Knight wins face-off versus Daniel Zaar in neutral zone.
18:47 of 1st period - Snap shot by Matt Calvert.
18:47 of 1st period - Shot Misses the Net.
18:49 of 1st period - Wrist shot by Roman Josi.
18:49 of 1st period - Shot Misses the Net.
18:51 of 1st period - Wrist shot by Matt Calvert.
18:51 of 1st period - Goal by Matt Calvert - Monsters : 1 - Condors : 1.
18:52 of 1st period - Tyler Bozak wins face-off versus Dominik Simon in neutral zone.
19:17 of 1st period - Timothy Kunes is hit by Anton Slepyshev and loses puck.
19:48 of 1st period - Snap shot by Justin Florek.
19:48 of 1st period - Stopped by Ilya Samsonov with a rebound.
19:50 of 1st period - Snap shot by Ryan Fitzgerald.
19:50 of 1st period - Shot Blocked by Brett Lernout.
19:52 of 1st period - Slapshot by Ryan Fitzgerald.
19:52 of 1st period - Stopped by Ilya Samsonov without a rebound.
19:53 of 1st period - Nail Yakupov wins face-off versus Dominik Simon in Condors zone.
Goals for this period are 1 for Monsters vs 1 for Condors.
Shots for this period are 13 for Monsters vs 13 for Condors.
2nd period
0:01 of 2nd period - Emerson Etem wins face-off versus Tyler Bozak in neutral zone.
0:04 of 2nd period - Nail Yakupov is hit by Roman Josi and loses puck.
0:11 of 2nd period - Emerson Etem is hit by Eric Gustafsson and loses puck.
0:30 of 2nd period - Off-side.
0:31 of 2nd period - Frederik Gauthier wins face-off versus Jared Knight in neutral zone.
0:57 of 2nd period - Kasperi Kapanen is hit by Andrew Gordon and loses puck.
1:20 of 2nd period - Anton Slepyshev is hit by Andrew Gordon and loses puck.
1:45 of 2nd period - Wrist shot by Anton Slepyshev.
1:45 of 2nd period - Stopped by Thomas Greiss with a rebound.
1:47 of 2nd period - Snap shot by Anton Slepyshev.
1:47 of 2nd period - Stopped by Thomas Greiss without a rebound.
1:48 of 2nd period - Dominik Simon wins face-off versus Tyler Bozak in Monsters zone.
2:03 of 2nd period - Snap shot by Nail Yakupov.
2:03 of 2nd period - Deflect By Roman Josi.
2:03 of 2nd period - Stopped by Thomas Greiss without a rebound.
2:04 of 2nd period - Ryan Fitzgerald wins face-off versus Stephane Da Costa in Monsters zone.
2:09 of 2nd period - Snap shot by Timothy Kunes.
2:09 of 2nd period - Shot Blocked by Carl Gunnarsson.
2:32 of 2nd period - Slapshot by Daniel Zaar.
2:32 of 2nd period - Stopped by Thomas Greiss without a rebound.
2:33 of 2nd period - Dominik Simon wins face-off versus Tyler Bozak in Monsters zone.
2:40 of 2nd period - Snap shot by Tyler Bozak.
2:40 of 2nd period - Shot Misses the Net.
2:46 of 2nd period - Wrist shot by Mitch Marner.
2:46 of 2nd period - Stopped by Ilya Samsonov without a rebound.
2:47 of 2nd period - Mitch Marner wins face-off versus Tyler Bozak in Condors zone.
2:54 of 2nd period - Wrist shot by Mitch Marner.
2:54 of 2nd period - Goal by Mitch Marner - Monsters : 2 - Condors : 1.
2:55 of 2nd period - Dominik Simon wins face-off versus Tyler Bozak in neutral zone.
3:02 of 2nd period - Snap shot by Emerson Etem.
3:02 of 2nd period - Shot Misses the Net.
3:12 of 2nd period - Tyler Bozak is hit by Dominik Simon and loses puck.
3:28 of 2nd period - Icing by Justin Florek.
3:29 of 2nd period - Ryan Fitzgerald wins face-off versus Frederik Gauthier in Monsters zone.
4:31 of 2nd period - Snap shot by Louis Leblanc.
4:31 of 2nd period - Shot Blocked by Dominik Simon.
4:33 of 2nd period - Snap shot by Eric Gustafsson.
4:33 of 2nd period - Deflect By Emerson Etem.
4:33 of 2nd period - Stopped by Thomas Greiss with a rebound.
5:05 of 2nd period - Wrist shot by Daniel Zaar.
5:05 of 2nd period - Stopped by Thomas Greiss with a rebound.
5:07 of 2nd period - Slapshot by Anton Slepyshev.
5:07 of 2nd period - Stopped by Thomas Greiss with a rebound.
5:28 of 2nd period - Snap shot by Timothy Kunes.
5:28 of 2nd period - Shot Misses the Net.
6:00 of 2nd period - Slapshot by C.J Suess.
6:00 of 2nd period - Shot Blocked by Roman Josi.
6:24 of 2nd period - Wrist shot by Kasperi Kapanen.
6:24 of 2nd period - Deflect By Anton Slepyshev.
6:24 of 2nd period - Shot Blocked by David Kolomatis.
6:24 of 2nd period - Puck is out of play.
6:25 of 2nd period - Ryan Fitzgerald wins face-off versus Kasperi Kapanen in Monsters zone.
6:30 of 2nd period - Kasperi Kapanen is hit by Justin Florek and loses puck.
6:38 of 2nd period - Double Minor Penalty to Erik Cernak for Slashing.
6:39 of 2nd period - Dominik Simon wins face-off versus Frederik Gauthier in Condors zone.
6:43 of 2nd period - Backhand shot by Emerson Etem.
6:43 of 2nd period - Stopped by Ilya Samsonov with a rebound.
6:45 of 2nd period - Wrist shot by Timothy Kunes.
6:45 of 2nd period - Shot Blocked by Brett Lernout.
6:47 of 2nd period - Backhand shot by Dominik Simon.
6:47 of 2nd period - Goal by Dominik Simon - Monsters : 3 - Condors : 1.
6:48 of 2nd period - Andrew Gordon wins face-off versus Frederik Gauthier in neutral zone.
6:53 of 2nd period - Slapshot by Timothy Kunes.
6:53 of 2nd period - Stopped by Ilya Samsonov with a rebound.
7:21 of 2nd period - Snap shot by Matt Calvert.
7:21 of 2nd period - Shot Misses the Net.
7:23 of 2nd period - Snap shot by Ondrej Kase.
7:23 of 2nd period - Shot Misses the Net.
8:47 of 2nd period - Penalty to Erik Cernak is over, Erik Cernak is back on ice.
8:58 of 2nd period - Slapshot by Aaron Ness.
8:58 of 2nd period - Shot Hit the Post.
9:00 of 2nd period - Snap shot by David Kolomatis.
9:00 of 2nd period - Shot Misses the Net.
9:02 of 2nd period - Slapshot by Bobby Farnham.
9:02 of 2nd period - Shot Misses the Net.
9:21 of 2nd period - Snap shot by Ryan Fitzgerald.
9:21 of 2nd period - Shot Misses the Net.
9:23 of 2nd period - Wrist shot by Justin Florek.
9:23 of 2nd period - Shot Misses the Net.
9:25 of 2nd period - Wrist shot by Justin Florek.
9:25 of 2nd period - Stopped by Ilya Samsonov without a rebound.
9:26 of 2nd period - Tyler Bozak wins face-off versus Maxim Mamin in Condors zone.
9:35 of 2nd period - Snap shot by Tyler Bozak.
9:35 of 2nd period - Stopped by Thomas Greiss without a rebound.
9:36 of 2nd period - Tyler Bozak wins face-off versus Maxim Mamin in Monsters zone.
9:42 of 2nd period - Minor Penalty to Chris Bigras for Hooking.
9:43 of 2nd period - Dominik Simon wins face-off versus Frederik Gauthier in Condors zone.
9:45 of 2nd period - Backhand shot by Dominik Simon.
9:45 of 2nd period - Stopped by Ilya Samsonov without a rebound.
9:46 of 2nd period - Frederik Gauthier wins face-off versus Dominik Simon in Condors zone.
11:42 of 2nd period - Penalty to Chris Bigras is over, Chris Bigras is back on ice.
14:05 of 2nd period - Icing by Nail Yakupov.
14:06 of 2nd period - Dominik Simon wins face-off versus Frederik Gauthier in Condors zone.
14:07 of 2nd period - Wrist shot by Emerson Etem.
14:07 of 2nd period - Stopped by Ilya Samsonov with a rebound.
14:13 of 2nd period - Slapshot by Dominik Simon.
14:13 of 2nd period - Shot Misses the Net.
14:31 of 2nd period - Wrist shot by Daniel Zaar.
14:31 of 2nd period - Stopped by Thomas Greiss without a rebound.
14:32 of 2nd period - Jared Knight wins face-off versus Stephane Da Costa in Monsters zone.
14:57 of 2nd period - Emerson Etem is hit by Nail Yakupov and loses puck.
15:24 of 2nd period - Slapshot by Ondrej Kase.
15:24 of 2nd period - Stopped by Ilya Samsonov without a rebound.
15:25 of 2nd period - Ryan Fitzgerald wins face-off versus Frederik Gauthier in Condors zone.
15:26 of 2nd period - Wrist shot by Ondrej Kase.
15:26 of 2nd period - Shot Misses the Net.
15:28 of 2nd period - Snap shot by Ryan Fitzgerald.
15:28 of 2nd period - Shot Misses the Net.
15:30 of 2nd period - Slapshot by Morgan Rielly.
15:30 of 2nd period - Deflect By Eric Gustafsson.
15:30 of 2nd period - Stopped by Ilya Samsonov without a rebound.
15:31 of 2nd period - Frederik Gauthier wins face-off versus Dominik Simon in Condors zone.
16:08 of 2nd period - Icing by Eric Gustafsson.
16:09 of 2nd period - Dominik Simon wins face-off versus Tyler Bozak in Condors zone.
16:22 of 2nd period - Slapshot by Roman Josi.
16:22 of 2nd period - Stopped by Ilya Samsonov with a rebound.
16:42 of 2nd period - Slapshot by Tyler Bozak.
16:42 of 2nd period - Stopped by Thomas Greiss with a rebound.
16:44 of 2nd period - Slapshot by Carl Gunnarsson.
16:44 of 2nd period - Deflect By Timothy Kunes.
16:44 of 2nd period - Stopped by Thomas Greiss without a rebound.
16:45 of 2nd period - Dominik Simon wins face-off versus Frederik Gauthier in Monsters zone.
16:59 of 2nd period - Icing by Shea Theodore.
17:00 of 2nd period - Stephane Da Costa wins face-off versus Dominik Simon in Monsters zone.
17:33 of 2nd period - Slapshot by Shea Theodore.
17:33 of 2nd period - Deflect By Dominik Simon.
17:33 of 2nd period - Shot Blocked by Brett Lernout.
17:33 of 2nd period - Puck is out of play.
17:34 of 2nd period - Frederik Gauthier wins face-off versus Jared Knight in Condors zone.
18:01 of 2nd period - Tyler Bozak is hit by Ryan Fitzgerald and loses puck.
18:24 of 2nd period - Slapshot by David Kolomatis.
18:24 of 2nd period - Stopped by Ilya Samsonov without a rebound.
18:25 of 2nd period - Stephane Da Costa wins face-off versus Maxim Mamin in Condors zone.
18:25 of 2nd period - Stephane Da Costa is hit by Bobby Farnham.
19:01 of 2nd period - Wrist shot by Stephane Da Costa.
19:01 of 2nd period - Stopped by Thomas Greiss with a rebound.
19:07 of 2nd period - Snap shot by Stephane Da Costa.
19:07 of 2nd period - Shot Blocked by Morgan Rielly.
19:09 of 2nd period - Wrist shot by Daniel Zaar.
19:09 of 2nd period - Stopped by Thomas Greiss without a rebound.
19:10 of 2nd period - Tyler Bozak wins face-off versus Dominik Simon in Monsters zone.
Goals for this period are 2 for Monsters vs 0 for Condors.
Shots for this period are 12 for Monsters vs 13 for Condors.
3rd period
0:01 of 3rd period - Dominik Simon wins face-off versus Tyler Bozak in neutral zone.
0:04 of 3rd period - Snap shot by Mitch Marner.
0:04 of 3rd period - Goal by Mitch Marner - Monsters : 4 - Condors : 1.
0:05 of 3rd period - Dominik Simon wins face-off versus Tyler Bozak in neutral zone.
0:32 of 3rd period - Brett Lernout is hit by Andrew Gordon and loses puck.
1:20 of 3rd period - Slapshot by Zac Leslie.
1:20 of 3rd period - Shot Misses the Net.
1:22 of 3rd period - Snap shot by Louis Leblanc.
1:22 of 3rd period - Stopped by Thomas Greiss without a rebound.
1:23 of 3rd period - Jared Knight wins face-off versus Tyler Bozak in Monsters zone.
2:00 of 3rd period - Slapshot by Anton Slepyshev.
2:00 of 3rd period - Deflect By Kasperi Kapanen.
2:00 of 3rd period - Stopped by Thomas Greiss with a rebound.
2:12 of 3rd period - Backhand shot by Stephane Da Costa.
2:12 of 3rd period - Shot Blocked by Timothy Kunes.
3:02 of 3rd period - Nail Yakupov is hit by Morgan Rielly and loses puck.
3:37 of 3rd period - David Kolomatis is hit by Stephane Da Costa and loses puck.
3:48 of 3rd period - Bobby Farnham is hit by Carl Gunnarsson and loses puck.
4:19 of 3rd period - Morgan Rielly is hit by Tyler Bozak.
4:20 of 3rd period - Morgan Rielly from Monsters is injured at 4:20 of 3rd period (Bruised Right Leg).
4:21 of 3rd period - Dominik Simon wins face-off versus Tyler Bozak in Monsters zone.
4:32 of 3rd period - Wrist shot by Dominik Simon.
4:32 of 3rd period - Shot Hit the Post.
4:34 of 3rd period - Wrist shot by Timothy Kunes.
4:34 of 3rd period - Stopped by Ilya Samsonov with a rebound.
4:36 of 3rd period - Snap shot by Mitch Marner.
4:36 of 3rd period - Deflect By Tyler Bozak.
4:36 of 3rd period - Shot Misses the Net.
4:36 of 3rd period - Puck is out of play.
4:37 of 3rd period - Frederik Gauthier wins face-off versus Jared Knight in Condors zone.
5:02 of 3rd period - Frederik Gauthier is hit by Ondrej Kase and loses puck.
5:14 of 3rd period - Snap shot by Anton Slepyshev.
5:14 of 3rd period - Deflect By Ryan Fitzgerald.
5:14 of 3rd period - Shot Blocked by Timothy Kunes.
5:14 of 3rd period - Puck is out of play.
5:15 of 3rd period - Dominik Simon wins face-off versus Alex Tuch in Monsters zone.
6:08 of 3rd period - Snap shot by Ryan Fitzgerald.
6:08 of 3rd period - Goal by Ryan Fitzgerald - Monsters : 5 - Condors : 1.
6:09 of 3rd period - Dominik Simon wins face-off versus Tyler Bozak in neutral zone.
6:20 of 3rd period - Snap shot by Dominik Simon.
6:20 of 3rd period - Stopped by Ilya Samsonov with a rebound.
6:38 of 3rd period - Off-side.
6:39 of 3rd period - Frederik Gauthier wins face-off versus Jared Knight in neutral zone.
6:42 of 3rd period - Aaron Ness is hit by Frederik Gauthier.
7:06 of 3rd period - Slapshot by Andrew Gordon.
7:06 of 3rd period - Shot Misses the Net.
7:08 of 3rd period - Snap shot by Andrew Gordon.
7:08 of 3rd period - Goal by Andrew Gordon - Monsters : 6 - Condors : 1.
7:09 of 3rd period - Dominik Simon wins face-off versus Tyler Bozak in neutral zone.
7:14 of 3rd period - Snap shot by Dominik Simon.
7:14 of 3rd period - Stopped by Ilya Samsonov without a rebound.
7:15 of 3rd period - Dominik Simon wins face-off versus Tyler Bozak in Condors zone.
7:16 of 3rd period - Snap shot by Mitch Marner.
7:16 of 3rd period - Goal by Mitch Marner - Monsters : 7 - Condors : 1.
7:16 of 3rd period - Mark Visentin enters game.
7:17 of 3rd period - Tyler Bozak wins face-off versus Dominik Simon in neutral zone.
7:26 of 3rd period - Slapshot by Nail Yakupov.
7:26 of 3rd period - Stopped by Thomas Greiss with a rebound.
7:49 of 3rd period - Slapshot by Andrew Gordon.
7:49 of 3rd period - Stopped by Mark Visentin without a rebound.
7:50 of 3rd period - Frederik Gauthier wins face-off versus Emerson Etem in Condors zone.
8:01 of 3rd period - Snap shot by Emerson Etem.
8:01 of 3rd period - Deflect By Dominik Simon.
8:01 of 3rd period - Stopped by Mark Visentin with a rebound.
8:03 of 3rd period - Slapshot by Shea Theodore.
8:03 of 3rd period - Shot Blocked by Erik Cernak.
8:05 of 3rd period - Wrist shot by Mitch Marner.
8:05 of 3rd period - Shot Misses the Net.
8:11 of 3rd period - Minor Penalty to Brett Lernout for Goalie Interference.
8:12 of 3rd period - Dominik Simon wins face-off versus Frederik Gauthier in Condors zone.
8:38 of 3rd period - Frederik Gauthier is hit by Jared Knight and loses puck.
9:33 of 3rd period - Daniel Zaar is hit by Shea Theodore.
10:11 of 3rd period - Penalty to Brett Lernout is over, Brett Lernout is back on ice.
10:56 of 3rd period - Slapshot by Anton Slepyshev.
10:56 of 3rd period - Deflect By Roman Josi.
10:56 of 3rd period - Stopped by Thomas Greiss with a rebound.
11:10 of 3rd period - Tyler Bozak is hit by Justin Florek and loses puck.
11:26 of 3rd period - Off-side.
11:27 of 3rd period - Maxim Mamin wins face-off versus Stephane Da Costa in neutral zone.
11:35 of 3rd period - Snap shot by Austin Watson.
11:35 of 3rd period - Stopped by Mark Visentin with a rebound.
11:51 of 3rd period - Louis Leblanc is hit by Andrew Gordon and loses puck.
12:02 of 3rd period - Snap shot by Jared Knight.
12:02 of 3rd period - Stopped by Mark Visentin without a rebound.
12:03 of 3rd period - Dominik Simon wins face-off versus Tyler Bozak in Condors zone.
12:10 of 3rd period - Shea Theodore is hit by Carl Gunnarsson and loses puck.
12:25 of 3rd period - Carl Gunnarsson is hit by Dominik Simon and loses puck.
12:36 of 3rd period - Jared Knight is hit by Carl Gunnarsson and loses puck.
12:47 of 3rd period - David Kolomatis is hit by Kasperi Kapanen and loses puck.
13:19 of 3rd period - Wrist shot by Louis Leblanc.
13:19 of 3rd period - Stopped by Thomas Greiss without a rebound.
13:20 of 3rd period - Maxim Mamin wins face-off versus Louis Leblanc in Monsters zone.
13:42 of 3rd period - Aaron Ness is hit by Chris Bigras and loses puck.
13:47 of 3rd period - Snap shot by Austin Watson.
13:47 of 3rd period - Stopped by Mark Visentin without a rebound.
13:48 of 3rd period - Dominik Simon wins face-off versus Tyler Bozak in Condors zone.
14:36 of 3rd period - Wrist shot by Stephane Da Costa.
14:36 of 3rd period - Stopped by Thomas Greiss with a rebound.
14:38 of 3rd period - Snap shot by Stephane Da Costa.
14:38 of 3rd period - Stopped by Thomas Greiss without a rebound.
14:39 of 3rd period - Tyler Bozak wins face-off versus Dominik Simon in Monsters zone.
14:42 of 3rd period - Snap shot by Nail Yakupov.
14:42 of 3rd period - Shot Blocked by Roman Josi.
16:16 of 3rd period - Slapshot by Anton Slepyshev.
16:16 of 3rd period - Shot Misses the Net.
16:18 of 3rd period - Wrist shot by Frederik Gauthier.
16:18 of 3rd period - Shot Blocked by Roman Josi.
16:25 of 3rd period - Zac Leslie is hit by Timothy Kunes and loses puck.
16:58 of 3rd period - Slapshot by Maxim Mamin.
16:58 of 3rd period - Deflect By Bobby Farnham.
16:58 of 3rd period - Stopped by Mark Visentin without a rebound.
16:59 of 3rd period - Louis Leblanc wins face-off versus Maxim Mamin in Condors zone.
17:33 of 3rd period - Slapshot by Dominik Simon.
17:33 of 3rd period - Stopped by Mark Visentin without a rebound.
17:34 of 3rd period - Jared Knight wins face-off versus Tyler Bozak in Condors zone.
17:50 of 3rd period - Minor Penalty to Aaron Ness for Hooking.
17:51 of 3rd period - Emerson Etem wins face-off versus Frederik Gauthier in Monsters zone.
18:07 of 3rd period - Slapshot by Carl Gunnarsson.
18:07 of 3rd period - Shot Blocked by David Kolomatis.
19:50 of 3rd period - Penalty to Aaron Ness is over, Aaron Ness is back on ice.
19:58 of 3rd period - Mitch Marner is hit by Adam Erne and loses puck.
Goals for this period are 4 for Monsters vs 0 for Condors.
Shots for this period are 14 for Monsters vs 7 for Condors.
Output by the SimonT Hockey Simulator (STHS) for Francois Prevost